Unix NetHack Version 3.7.0-102 Work-in-progress - last build Apr 6 2024 13:22:21 (d302a6a9ff6341f1a922d8f5af178406b35fdf99,branch:master). Game began 2024-05-02 09:51:23, ended 2024-05-02 10:53:49. MalkMcJorma, chaotic male elven Ranger --------------- ------- |.............| ------- |....[| -+----.--+--- - |....>| |.@_..| |.-|.. ---|....-- ------ |....*| ---..-|--- ----..|..-------.-..| ---@--- -+--........--+-.....-.---......|..| |G| |.........0......--........----.|...####..| ---- --..--*--------..|-.......--..-.|--- --.---..| --..|.........|--- ...{...| ..|.| -----.......| |...|[../.)+/[| ......- |.| --...........| |...----------- --....------|.|-......---...-- -.......| ------|....|.. |..--.|...---..|...-- -------.| |(.(.|-...- |.....|....-|.....-- |...|.| |(.(.-... .|...........--..-----+---|- |...|.| |((..|-...|. -........G... --............ |-|--.| ------|..... .|..--....... ---------.--+ |.....--------|....| --- --...... +..{...|......--...| ---...- - |........----.....-- ---------- ------ MalkMcJorma the Trailblazer St:15 Dx:12 Co:16 In:13 Wi:13 Ch:8 Chaotic Dlvl:7 $:0 HP:0(60) Pw:48(48) AC:-3 Xp:8/2016 T:6664 Overtaxed Latest messages: In what direction? You shoot 2 poisoned orcish arrows. The 1st poisoned orcish arrow hits the horse! The poison was deadly... t - a blessed orcish arrow. T - 3 blessed poisoned orcish arrows (in quiver) (8 in total). The gnome king thrusts his crude short sword. The gnome king hits! What do you want to wield? [- a-cstPT or ?*] a - a blessed +1 elven dagger named Sting (weapon in right hand). Sting flickers light blue! b - an uncursed +1 elven bow (alternate weapon; not wielded). The gnome king thrusts his crude short sword. The gnome king hits! You experience a sense of peace. You stop. The priest of Mars doesn't want to swap places. The gnome king thrusts his crude short sword. The gnome king hits! b - an uncursed +1 elven bow (weapon in right hand). Sting stops flickering. a - a blessed +1 elven dagger named Sting (alternate weapon; not wielded). In what direction? You shoot 3 poisoned orcish arrows. The 1st poisoned orcish arrow hits the gnome lady! The 2nd poisoned orcish arrow hits the gnome lady! You kill the gnome lady! T - 2 blessed poisoned orcish arrows (in quiver) (7 in total). You have extreme difficulty lifting a horse corpse. Continue? [ynq] (q) You have extreme difficulty lifting u - a horse corpse. You can barely move a handspan with this load! The gnome king thrusts his crude short sword. The gnome king misses! The gnome king thrusts his crude short sword. The gnome king misses! The gnome king thrusts his crude short sword. The gnome king hits! The gnome king thrusts his crude short sword. The gnome king hits! The gnome king thrusts his crude short sword. The gnome king misses! The gnome king thrusts his crude short sword. The gnome king misses! The gnome king thrusts his crude short sword. The gnome king misses! You don't have enough stamina to move. The gnome king thrusts his crude short sword. The gnome king hits! The gnome king thrusts his crude short sword. The gnome king hits! You die... Inventory: Amulets ('"') j - an uncursed amulet of guarding (being worn) Weapons (')') c - 35 blessed +2 elven arrows t - a blessed +1 orcish arrow T - 7 blessed poisoned +1 orcish arrows (in quiver) b - an uncursed +1 elven bow (weapon in right hand) s - an uncursed +0 dagger a - the blessed +1 Sting (alternate weapon; not wielded) Armor ('[') K - an uncursed +0 dwarvish iron helm (being worn) y - an uncursed +0 pair of iron shoes (being worn) U - an uncursed +0 Uruk-hai shield (being worn) e - an uncursed +2 elven cloak (being worn) k - an uncursed +0 studded leather armor (being worn) Comestibles ('%') u - an uncursed horse corpse V - an uncursed lizard corpse Wands ('/') o - an uncursed wand of magic missile (0:7) X - an uncursed wand of probing (0:5) q - an uncursed wand of speed monster (0:7) i - an uncursed wand of teleportation named Invi/Tele/Cancel (0:3) Tools ('(') r - an uncursed sack containing 9 items B - an uncursed bag of tricks (0:10) M - an uncursed skeleton key L - an uncursed towel P - an uncursed +0 unicorn horn Contents of the sack: 276 gold pieces 43 uncursed +0 arrows 37 uncursed +0 elven arrows 20 uncursed poisoned +0 orcish arrows an uncursed cram ration 4 uncursed lembas wafers 3 uncursed tripe rations an uncursed scroll of light an uncursed scroll of remove curse MalkMcJorma the Ranger's attributes: Background: You were a Trailblazer, a level 8 male elven Ranger. You were chaotic, on a mission for Mars who was opposed by Mercury (lawful) and Venus (neutral). You were right-handed. You were in the Gnomish Mines, on level 7. You entered the dungeon 6664 turns ago. You had 2016 experience points, 544 more were needed to attain level 9. Basics: You had 0 out of 60 hit points. You had all 48 energy points (spell power). Your armor class was -3. Your wallet was empty, but you had 276 zorkmids stashed away in your pack. Autopickup was off. Final Characteristics: Your strength was 15 (limit:18). Your dexterity was 12 (limit:18). Your constitution was 16 (limit:16). Your intelligence was 13 (limit:20). Your wisdom was 13 (limit:20). Your charisma was 8 (limit:18). Final Status: You weren't hungry. You were overtaxed; movement was extremely slowed. You were wielding a bow. You were skilled in bow. Final Attributes: You were piously aligned. You were sleep resistant. You were telepathic. You had automatic searching. You had infravision. You were stealthy. You had a small defense bonus (+2). You were protected. You are dead. Miscellaneous: You disabled loading of bones levels. Total elapsed playing time was 1 hour, 2 minutes and 26 seconds. Major events: Turn 1: MalkMcJorma the chaotic male elven Ranger entered the dungeon 2: became literate by naming Sting 941: entered the Gnomish Mines 1214: attained the rank of Lookout (level 3) 3124: attained the rank of Trailblazer (level 6) 4613: reached Mine Town 6664: killed by a gnome king Vanquished creatures: a giant mimic a large cat a wolf 3 giant spiders a horse a black light a gnome ruler a brown pudding a gold golem a lizard 4 chickatrices 2 dwarf leaders a gray unicorn a snake a rope golem 2 bugbears a wood nymph 4 Uruk-hai a rock mole 2 shriekers 8 gnome leaders 3 gnomish wizards a kobold mummy a guardian naga hatchling 6 giant ants a little dog 2 floating eyes a kitten 7 dwarves 4 kobold leaders 5 rothes a rabid rat 2 giant bats a monkey an iguana an acid blob a gas spore a manes a hobgoblin 2 giant rats a brown mold 23 gnomes 2 gnome zombies 4 geckos 5 jackals a fox a kobold a goblin a sewer rat 6 grid bugs a bat 2 lichens a kobold zombie 6 newts 136 creatures vanquished. No species were genocided or became extinct. Voluntary challenges: You read items or engraved 4 times. You engraved Elbereth 1 time. You never genocided any monsters. You never polymorphed an object. You never changed form. You used no wishes. Achievements: You entered the Gnomish Mines. You attained the rank of Lookout. You attained the rank of Trailblazer. You entered Minetown. You entered a shop. You entered a temple. The Dungeons of Doom: levels 1 to 9 Level 1: Level 2: Some fountains. Level 3: Stairs down to The Gnomish Mines. Level 4: "Vault" A fountain. Level 5: Level 6: A sink. Level 7: Level 8: Level 9: The Gnomish Mines: levels 4 to 8 Level 4: Level 5: Level 7: <- You were here. A temple and an altar to Mars, some fountains. Final resting place for you, killed by a gnome king. Level 8: Game over: ---------- / \ / REST \ / IN \ / PEACE \ / \ | MalkMcJorma | | 276 Au | | killed by a | | gnome king | | | | | | 2024 | *| * * * | * _________)/\\_//(\/(/\)/\//\/|_)_______ Goodbye MalkMcJorma the Ranger... You died in The Gnomish Mines on dungeon level 7 with 8713 points, and 276 pieces of gold, after 6664 moves. You were level 8 with a maximum of 60 hit points when you died.